 Dungeon Crawl Stone Soup version 0.26-a0-477-g38aef04 (webtiles) character file.

Game seed: 12002381255392707274

1735 robertstho the Quickloader (level 9, -5/56 HPs)
             Began as a Kobold Hunter on July 31, 2020.
             Was a Believer of Okawaru.
             Splashed by a jelly's acid (9 damage)
             ... on level 6 of the Dungeon.
             The game lasted 00:12:12 (7403 turns).

robertstho the Quickloader (Kobold Hunter)          Turns: 7403, Time: 00:12:13

Health: -5/56      AC:  5    Str: 12    XL:     9   Next: 25%
Magic:  7/9        EV:  7    Int: 12    God:    Okawaru [**....]
Gold:   352        SH:  0    Dex: 16    Spells: 8/8 levels left

rFire    . . .     SeeInvis .   i - +1 dagger (drain)
rCold    . . .     Faith    .   (shield restricted)
rNeg     . . .     Spirit   .   g - +0 chain mail
rPois    .         Reflect  .   (no helmet)
rElec    .         Harm     .   (no cloak)
rCorr    .                      y - +0 pair of gloves
MR       .....                  (no boots)
Stlth    ..........             (no amulet)
HPRegen  0.18/turn              (no ring)
MPRegen  0.11/turn              (no ring)

@: heroism, corroded, extremely drained
A: small, nightstalker 3
a: Heroism, Renounce Religion


You were on level 6 of the Dungeon.
You worshipped Okawaru.
Okawaru was pleased with you.
You visited 1 branch of the dungeon, and saw 6 of its levels.

You collected 352 gold pieces.

Inventory:

Hand Weapons
 a - a +1 hand crossbow
 b - a +0 short sword
 i - a +1 dagger of draining (weapon)
Missiles
 p - 2 bolts
 x - 4 javelins
Armour
 c - a +0 leather armour
 g - a +0 chain mail (worn)
 y - a +0 pair of gloves (worn)
Wands
 u - a wand of digging (4)
 B - a wand of random effects (16)
Scrolls
 d - 4 scrolls of identify
 e - 2 scrolls of enchant armour
 f - a scroll of noise {unknown}
 j - 3 scrolls of remove curse
 o - 2 scrolls of teleportation {unknown}
 q - 2 scrolls of magic mapping {unknown}
 r - 2 scrolls of random uselessness {unknown}
 s - 2 scrolls of amnesia
 v - 2 scrolls of immolation {unknown}
 w - a scroll of vulnerability {unknown}
 z - a scroll of enchant weapon {unknown}
 A - a scroll of fear {unknown}
Potions
 h - a potion of cancellation
 k - a potion of flight
 l - a potion of magic {unknown}
 m - 3 potions of curing {unknown}
 n - 2 potions of haste {unknown}
 t - 2 potions of stabbing {unknown}


   Skills:
 * Level 6.3(2.9) Fighting
 + Level 0.8(0.0) Short Blades
 * Level 10.8(6.4) Crossbows
 + Level 3.1(0.3) Armour
 + Level 2.8(0.1) Dodging
 * Level 4.9(1.7) Stealth
 + Level 0.4(0.0) Invocations


You had 8 spell levels left.
You didn't know any spells.
Your spell library was empty.

Dungeon Overview and Level Annotations

Branches:
Dungeon (6/15)             Temple (0/1) D:6

Altars:
Dithmenos
Hepliaklqana
Okawaru
Wu Jian

Annotations:
D:4 1 runed translucent door, Terrapin's ghost, amateur DgFE


Innate Abilities, Weirdness & Mutations

You are small and have problems with some larger weapons.
You are completely attuned to the shadows.


Message History

The phantom hits you. The jelly hits you but does no damage.
You hit the jelly but do no damage. The acid corrodes you!
Your hands burn!
The jelly is severely wounded.
The phantom hits you.
The phantom blinks!
The jelly hits you.
You are splashed with acid.
* * * LOW HITPOINT WARNING * * *
You hit the jelly but do no damage.
Your hands burn!
* * * LOW HITPOINT WARNING * * *
The jelly is severely wounded.
The jelly hits you but does no damage.
You hit the jelly.
Your hands burn!
* * * LOW HITPOINT WARNING * * *
The jelly is almost dead.
The jelly hits you but does no damage.
You barely miss the jelly.
The jelly is almost dead.
The jelly hits you.
* * * LOW HITPOINT WARNING * * *
You are splashed with acid!
You die...

#.# #.# #.# #.# #.# #.# .#
#.# #.# # #.# #.# #.###.#
#.# #.....####.####
......<.###...# ##.##...##
#.⌠.# §..
§§###.....J@W###...###
...§§§§##..##.............
....§§§....###)#..⌠..>..⌠.
§._.(§.O§..Z(..#..........
..Z§§Z§§.###((#.###.).###
§..§§§§##.###....# #.⌠.#
§..§§§###.##...#.###...#
§..§ #.##.###.(###### #$.
#.........#


You could see a phantom and a jelly (drained).

Vanquished Creatures
  Menkaure (D:5)
  Edmund (D:5)
  An ice beast (D:5)
  2 ogres (D:6)
  A centaur (D:5)
  3 scorpions
  A howler monkey (D:6)
  3 bullfrog zombies (D:5)
  3 orc priests
  3 jellies
  4 orc wizards
  2 bullfrog skeletons (D:4)
  Ijyb (D:5)
  2 iguanas
  6 worker ants
  8 gnolls
  12 adders
  A white imp (D:5)
  An adder skeleton (D:5)
  4 worms
  2 dart slugs (D:1)
  3 leopard geckos
  24 orcs
  4 bats
  3 giant cockroaches
  14 goblins
  4 hobgoblins
  15 jackals
  4 quokkas
  6 frilled lizards
  A jackal skeleton (D:5)
  10 kobolds
  2 leopard gecko skeletons
  7 rats
159 creatures vanquished.

Vanquished Creatures (others)
  4 toadstools (D:5)
4 creatures vanquished.

Grand Total: 163 creatures vanquished

Notes
Turn   | Place    | Note
-------+----------+-------------------------------------------
     0 | D:1      | robertstho the Kobold Hunter began the quest for the Orb.
     0 | D:1      | Reached XP level 1. HP: 12/12 MP: 1/1
    39 | D:1      | Reached skill level 5 in Crossbows
    97 | D:1      | Reached XP level 2. HP: 17/17 MP: 2/2
   379 | D:1      | Reached XP level 3. HP: 21/21 MP: 3/3
  1013 | D:2      | Reached skill level 6 in Crossbows
  1013 | D:2      | Reached XP level 4. HP: 26/26 MP: 4/4
  1557 | D:2      | Reached XP level 5. HP: 31/31 MP: 5/5
  2384 | D:3      | Reached skill level 7 in Crossbows
  2455 | D:3      | Reached XP level 6. HP: 37/37 MP: 6/6
  2469 | D:3      | Found an ornate altar of the Wu Jian Council.
  2885 | D:3      | Reached skill level 1 in Armour
  2972 | D:3      | Found an iron altar of Okawaru.
  2988 | D:3      | Became a worshipper of Warmaster Okawaru
  3762 | D:4      | Reached XP level 7. HP: 28/42 MP: 7/7
  4324 | D:4      | Reached skill level 8 in Crossbows
  4346 | D:4      | Found a runed translucent door.
  4346 | D:4      | Noticed Terrapin's ghost (amateur DgFE)
  4792 | D:5      | Entered Level 5 of the Dungeon
  4807 | D:5      | Found a hazy altar of Hepliaklqana.
  4950 | D:5      | Reached * piety under Okawaru
  4983 | D:5      | Noticed Edmund
  4998 | D:5      | Killed Edmund
  4998 | D:5      | Reached XP level 8. HP: 25/48 MP: 6/8
  5152 | D:5      | Reached skill level 9 in Crossbows
  5706 | D:5      | Noticed Ijyb
  5712 | D:5      | Killed Ijyb
  5905 | D:5      | Noticed Menkaure
  5914 | D:5      | Killed Menkaure
  5914 | D:5      | Reached skill level 5 in Fighting
  5916 | D:5      | Reached skill level 10 in Crossbows
  6506 | D:5      | Reached ** piety under Okawaru
  6648 | D:6      | Reached XP level 9. HP: 44/55 MP: 9/9
  6748 | D:6      | Found a shadowy altar of Dithmenos.
  7090 | D:6      | Found a staircase to the Ecumenical Temple.
  7403 | D:6      | Splashed by a jelly's acid

Illustrated notes

Levels and vault maps discovered:
D:1:      dpeg_arrival_boxorama, layout_loops_ring
D:2:      layout_basic, st_stairs_2, minmay_pentomino_s2
D:3:      layout_loops_corners, nicolae_overflow_crystal_walls,
          lemuel_crystal_altar
D:4:      layout_basic, hellmonk_ghost_happy_afterlife
D:5:      layout_basic, lemuel_round_altar, minmay_gold_behind_fungi,
          grunt_decor_cap, uniq_menkaure, uniq_ijyb, uniq_edmund
D:6:      layout_loops_ring, nicolae_dithmenos_the_darkroom,
          minmay_temple_entry_junction, gammafunk_ghost_grave, uniq_pikel

Skill      XL: |  1  2  3  4  5  6  7  8  9 |
---------------+----------------------------+-----
Crossbows      | 5 6 7 8 10 | 10.8
Stealth        | 2 3 4 |  4.9
Fighting       | 3 4 5 6 |  6.3
Armour         | 1 2 3 |  3.1
Short Blades   | |  0.8
Dodging        | |  2.8
Invocations    | |  0.4

Action                   |  1- 3 |  4- 6 |  7- 9 || total
-------------------------+-------+-------+-------++-------
Melee: Short sword       |       |    46 |    59 ||   105
       Dagger            |       |       |    28 ||    28
       Punch             |       |       |     1 ||     1
 Fire: Hand crossbow     |    52 |   223 |   204 ||   479
Invok: Heroism           |       |       |    11 ||    11
  Use: Scroll            |       |     7 |       ||     7
       Potion            |       |     1 |     2 ||     3
Armor: Leather armour    |     1 |       |       ||     1
       Chain mail        |       |   101 |   127 ||   228
       Ring mail         |       |    11 |       ||    11
Dodge: Dodged            |    19 |    74 |    71 ||   164

Table legend: (Time is in decaauts)
 A = Elapsed time spent in this place.
 B = Non-inter-level travel time spent in this place.
 C = Inter-level travel time spent in this place.
 D = Time resting spent in this place.
 E = Time spent auto-exploring this place.
 F = Levels seen in this place.
 G = Mean time per level.
                   A        B        C        D        E       F      G
               +--------+--------+--------+--------+--------+-----+--------+
         Total |   7473 |   7280 |    193 |    925 |   4866 |   6 | 1245.5 |
       Dungeon |   7473 |   7280 |    193 |    925 |   4866 |   6 | 1245.5 |
               +--------+--------+--------+--------+--------+-----+--------+

Top non-repeatable levels by time:
     D:5: 2009 daAuts
     D:3: 1643 daAuts
     D:4: 1332 daAuts
     D:1: 1130 daAuts
     D:2: 1008 daAuts
     D:6: 349 daAuts
